 Dungeon Crawl Stone Soup version 0.22.1-1-ga44c0e56f4 (webtiles) character file.

914 Freyura the Covert (level 7, -5/54 HPs)
             Began as a Vampire Assassin on Oct 30, 2018.
             Killed by divine providence
             ... invoked by an orc priest
              (13 damage)
             ... on level 5 of the Dungeon.
             The game lasted 00:12:27 (3961 turns).

Freyura the Covert (Vampire Assassin)               Turns: 3961, Time: 00:12:29

Health: -5/54      AC:  4    Str: 10    XL:     7   Next: 82%
Magic:  7/7        EV: 14    Int: 14    God:
Gold:   154        SH:  0    Dex: 17    Spells: 6/6 levels left

rFire    . . .     SeeInvis +   a - +4 dagger
rCold    + . .     Gourm    .   (no shield)
rNeg     + + .     Faith    .   c - +0 robe
rPois    +         Spirit   .   (no helmet)
rElec    .         Reflect  .   d - +0 cloak
rCorr    .         Harm     .   s - +0 pair of gloves
MR       .....                  (no boots)
Stlth    +++++.....             (no amulet)
HPRegen  0.09/turn              (no ring)
MPRegen  0.10/turn              m - ring of wizardry

@: regenerating slowly
A: fangs 3, see invisible, unbreathing
a: Bat Form


You were on level 5 of the Dungeon.
You were very thirsty.

You visited 1 branch of the dungeon, and saw 5 of its levels.

You collected 154 gold pieces.

Inventory:

Hand Weapons
 a - a +4 dagger (weapon)
 b - a +0 blowgun
Missiles
 e - 8 poisoned needles
 f - 2 curare-tipped needles
Armour
 c - a +0 robe (worn)
 d - a +0 cloak (worn)
 s - a +0 pair of gloves (worn)
Jewellery
 m - a ring of wizardry (right hand)
Wands
 h - a wand of polymorph (15)
 p - a wand of acid (6)
Scrolls
 n - a scroll of magic mapping {unknown}
 t - 2 scrolls of amnesia
Potions
 g - 5 potions of blood
 i - 2 potions of curing
 j - a potion of magic {unknown}
 k - 5 potions of lignification
 l - a potion of degeneration {unknown}
 o - a potion of cancellation {unknown}
 r - a potion of agility {unknown}
 u - a potion of ambrosia {unknown}


   Skills:
 + Level 4.0 Fighting
 * Level 6.5 Short Blades
 - Level 1.5 Throwing
 + Level 4.3 Dodging
 + Level 8.5 Stealth


You had 6 spell levels left.
You didn't know any spells.
Your spell library was empty.

Dungeon Overview and Level Annotations

Branches:
Dungeon (5/15)
 Temple: D:4-7

Altars:

Shops:
D:4 }


Innate Abilities, Weirdness & Mutations

You heal slowly.
You have razor-sharp teeth.
You have supernaturally acute eyesight. (SInv)
You can survive without breathing.


Message History

The orc priest zaps a wand.
You easily resist.
It is a wand of polymorph (14).
You barely miss the orc priest.
The orc priest is heavily wounded.
The orc priest hits you with a mace.
* * * LOW HITPOINT WARNING * * *
You hit the orc priest.
The orc priest is heavily wounded.
You hit the orc priest but do no damage.
You bite the orc priest, but do no damage.
The orc priest is heavily wounded.
The orc priest invokes the aid of Beogh against you.
Pain shoots through your body!
* * * LOW HITPOINT WARNING * * *
You hit the orc priest but do no damage.
You bite the orc priest.
You draw the orc priest's blood!
You feel better.
You feel slightly less thirsty.
The orc priest is severely wounded.
The orc priest calls down the wrath of Beogh upon you.
Beogh smites you!
You die...

#. #. #.
###########.
#......)....
#.##########
#.#
.############.#
.......@......#
......o########
######. #. #.
#. #. #.


You could see an orc priest.

Vanquished Creatures
  Pikel (D:5)
  A centaur (D:5)
  Blork the orc (D:4)
  A howler monkey (D:4)
  A crimson imp (D:5)
  A hound (D:4)
  A worker ant (D:4)
  12 adders
  An ooze (D:2)
  A dart slug (D:3)
  2 leopard geckos
  3 orcs
  3 giant cockroaches
  11 goblins
  7 hobgoblins
  3 jackals (D:1)
  2 quokkas
  A ball python (D:1)
  7 bats
  3 frilled lizards
  2 kobolds (D:2)
  9 rats
74 creatures vanquished.

Vanquished Creatures (others)
  A slave (D:5)
  A phantom (D:5)
  An ogre (D:5)
  An orc wizard (D:5)
  An adder (D:5)
  2 leopard geckos (D:5)
  4 orcs (D:5)
  A frilled lizard (D:5)
  A giant cockroach zombie (D:5)
13 creatures vanquished.

Grand Total: 87 creatures vanquished

Notes
Turn   | Place    | Note
-------+----------+-------------------------------------------
     0 | D:1      | Freyura the Vampire Assassin began the quest for the Orb.
     0 | D:1      | Reached XP level 1. HP: 16/16 MP: 1/1
   185 | D:1      | Reached skill level 6 in Stealth
   208 | D:1      | Reached XP level 2. HP: 19/22 MP: 2/2
   804 | D:2      | Reached XP level 3. HP: 27/27 MP: 3/3
  1163 | D:2      | Reached XP level 4. HP: 33/33 MP: 4/4
  2099 | D:4      | Reached XP level 5. HP: 30/39 MP: 5/5
  2645 | D:4      | Reached skill level 7 in Stealth
  2680 | D:4      | Noticed Blork the orc
  2689 | D:4      | Killed Blork the orc
  2689 | D:4      | Reached XP level 6. HP: 47/47 MP: 6/6
  2940 | D:4      | Found Ceum's Gadget Shop.
  3310 | D:5      | Entered Level 5 of the Dungeon
  3315 | D:5      | Reached skill level 5 in Short Blades
  3330 | D:5      | Noticed Pikel
  3330 | D:5      | Noticed a slave
  3330 | D:5      | Noticed a slave
  3330 | D:5      | Noticed a slave
  3330 | D:5      | Noticed a slave
  3374 | D:5      | Killed Pikel
  3374 | D:5      | Reached skill level 8 in Stealth
  3374 | D:5      | Reached XP level 7. HP: 11/53 MP: 7/7
  3961 | D:5      | Killed from afar by an orc priest

Skill      XL: |  1  2  3  4  5  6  7 |
---------------+----------------------+-----
Stealth        | 6 7 8 |  8.5
Fighting       | 2 3 4 |  4.0
Short Blades   | 3 4 6 |  6.5
Dodging        | 2 3 4 |  4.3
Throwing       | |  1.5

Action                   |  1- 3 |  4- 6 |  7- 9 || total
-------------------------+-------+-------+-------++-------
Melee: Dagger            |    76 |   146 |    31 ||   253
       Bite              |     5 |    15 |     9 ||    29
Evoke: Wand              |       |     2 |       ||     2
  Use: Scroll            |     3 |     3 |     1 ||     7
       Potion            |       |     1 |     2 ||     3
 Stab: Sleeping          |    12 |    19 |       ||    31
Armor: Robe              |    11 |    31 |     1 ||    43
Dodge: Dodged            |    36 |    80 |    11 ||   127
